 Dungeon Crawl Stone Soup version 0.17-a0-1115-g0372368 (webtiles) character file.

168 ataraxiacalls the Chopper (level 5, -6/42 HPs)
             Began as a Demonspawn Gladiator on May 22, 2015.
             Killed by divine providence
             ... invoked by an orc priest
              (13 damage)
             ... on level 6 of the Dungeon.
             The game lasted 00:08:15 (2229 turns).

ataraxiacalls the Chopper (Demonspawn Gladiator)    Turns: 2229, Time: 00:08:15

Health: -6/42      AC: 15    Str: 17    XL:     5   Next: 24%
Magic:  5/5        EV: 11    Int:  9    God:
Gold:   102        SH:  0    Dex: 13    Spells: 0 memorised, 4 levels left

rFire  . . .     SeeInvis .     m - +2 hand axe (chop)
rCold  . . .     Clarity  .     q - +0 chain mail (curse)
rNeg   . . .     SustAt   .     (no shield)
rPois  .         Gourm    .     c - +0 helmet
rElec  .         Spirit   .     (no cloak)
rCorr  .         Warding  .     B - +1 pair of gloves
rMut   .         Stasis   .     z - +0 pair of boots (curse)
MR     .....                    (no amulet)
Stlth  ..........               (no ring)
                                j - +4 ring of evasion

@: not resistant to hostile enchantments, extremely unstealthy
A: yellow scales 2, spiny 1, rot immunity
a: no special abilities


You were on level 6 of the Dungeon.
You were full.

You visited 1 branch of the dungeon, and saw 4 of its levels.

You collected 102 gold pieces.

Inventory:

Hand weapons
 b - a +0 blowgun
 m - a +2 hand axe of chopping (weapon)
 t - a +1 short sword of protection
 G - a +0 shortbow
Missiles
 d - 3 throwing nets (quivered)
 f - 4 tomahawks
 g - 49 poisoned needles
 H - 34 arrows
Armour
 c - a +0 helmet (worn)
 n - a +0 pair of gloves
 q - a cursed +0 chain mail (worn)
 z - a cursed +0 pair of boots (worn)
 A - a +0 leather armour
 B - a +1 pair of gloves (worn)
Jewellery
 j - a +4 ring of evasion (left hand)
 r - a cursed ring of loudness {unknown}
 s - an uncursed ring of fire {unknown}
Scrolls
 i - a scroll of remove curse {unknown}
 l - 4 scrolls of identify {unknown}
 o - 2 scrolls of blinking {unknown}
 w - a scroll of fear {unknown}
 y - 2 scrolls of immolation {unknown}
 D - a scroll of random uselessness {unknown}
 E - a scroll of noise {unknown}
Potions
 a - 2 potions of brilliance {unknown}
 h - a potion of invisibility {unknown}
 k - 2 potions of heal wounds {unknown}
 p - 4 potions of curing {unknown}
 u - 3 potions of poison {unknown}
 v - a potion of resistance {unknown}
 x - 2 potions of might {unknown}
 F - a potion of lignification {unknown}
Comestibles
 e - 2 bread rations


   Skills:
 * Level 4.0 Fighting
 * Level 4.3 Axes
 - Level 1.7 Throwing
 - Level 2.6 Dodging


You had 4 spell levels left.
You didn't know any spells.

Dungeon Overview and Level Annotations

Branches:
Dungeon (6/15)
 Temple: D:4-7

Altars:
Elyvilon
Xom


Innate Abilities, Weirdness & Mutations

You are mostly covered in yellow scales (AC +3).
You are partially covered in sharp spines.
You are immune to rotting.


Message History

You hit the gnoll.
The gnoll is moderately wounded.
The gnoll hits you with a flail of pain.
You writhe in agony.
The gnoll hits you but does no damage.
The gnoll shaman calls upon its god to heal the gnoll.
The gnoll's wounds heal themselves!
You hear a shout!
You barely miss the gnoll.
You hear a shout! x2
The gnoll hits you with a flail of pain.
You writhe in agony.
The orc priest calls down the wrath of Beogh upon you.
Something smites you!
* * * LOW HITPOINT WARNING * * *
Read which item? (? for menu, Esc to quit)
Okay, then.
The gnoll throws a throwing net.
The throwing net closely misses you.
The orc priest invokes the aid of Beogh against you.
Something smites you!
You die...

#########
+o.gg.$K.
+g..o...K
#g###
#...#
#.@.#
#.>.#
#..(#
#+++#


You could see a gnoll shaman, an orc priest and a gnoll.

Vanquished Creatures
  A centaur (D:3)
  2 adders (D:2)
  2 worms (D:3)
  4 giant geckos
  3 orcs (D:3)
  4 bats
  A giant cockroach (D:1)
  9 goblins
  10 hobgoblins
  A quokka (D:2)
  A ball python (D:3)
  3 giant newts
  12 kobolds
  9 rats
62 creatures vanquished.

Notes
Turn   | Place    | Note
--------------------------------------------------------------
     0 | D:1      | ataraxiacalls the Demonspawn Gladiator began the quest for the Orb.
     0 | D:1      | Reached XP level 1. HP: 16/16 MP: 1/1
   119 | D:1      | Reached skill level 3 in Axes
   296 | D:1      | Gained mutation: You are immune to rotting. [demonic ancestry]
   296 | D:1      | Reached XP level 2. HP: 16/22 MP: 2/2
   382 | D:1      | Found a shimmering altar of Xom.
   734 | D:2      | Found a white marble altar of Elyvilon.
   762 | D:2      | Gained mutation: You are partially covered in yellow scales (AC +2). [demonic ancestry]
   762 | D:2      | Reached XP level 3. HP: 10/29 MP: 3/3
  1722 | D:3      | Gained mutation: You are partially covered in sharp spines. [demonic ancestry]
  1722 | D:3      | Reached XP level 4. HP: 33/35 MP: 4/4
  2055 | D:3      | Noticed a centaur
  2061 | D:3      | Killed a centaur
  2061 | D:3      | Reached skill level 4 in Fighting
  2061 | D:3      | Gained mutation: You are mostly covered in yellow scales (AC +3). [demonic ancestry]
  2061 | D:3      | Reached XP level 5. HP: 31/42 MP: 5/5
  2214 | D:3      | You fall through a shaft for 3 floors!
  2229 | D:6      | Killed from afar by an orc priest

Vault maps used:
D:1:      onia_arrival_mini_spirals, xom_teletrap_fun
D:2:      kennysheep_big_flooded_room, old_standard_altar
D:3:      corexii_shack_village, first_bread
D:6:      kennysheep_housing_project

Action                   |  1- 3 |  4- 6 || total
-------------------------+-------+-------++-------
Melee: War axe           |    27 |       ||    27
       Hand axe          |    90 |    27 ||   117
  Eat: Chunk             |     3 |       ||     3
       Meat ration       |       |     1 ||     1
       Beef jerky        |       |     1 ||     1
